 Dungeon Crawl Stone Soup version 0.32-a0-585-gef4fe23122 (webtiles) character file.

Game seed: 1508003201467806694

585 Revguard the Sneak (level 7, -1/54 HPs)
             Began as a Vine Stalker Brigand on Mar 2, 2024.
             Was an Initiate of Dithmenos.
             Slain by Pascal76's ghost (11 damage)
             ... on level 4 of the Dungeon.
             The game lasted 00:08:45 (2911 turns).

Revguard the Sneak (Vine Stalker Brigand)           Turns: 2911, Time: 00:08:46

Health: -1/54      AC:  4    Str: 14    XL:     7   Next: 37%
Magic:  0/11       EV: 12    Int: 11    God:    Dithmenos [......]
Gold:   159        SH:  0    Dex: 17    Spells: 10/10 levels left

rFire   . . .        g - +3 short sword
rCold   . . .        (no shield)
rNeg    . . .        f - +0 leather armour
rPois   .            (no helmet)
rElec   .            c - +0 cloak
rCorr   .            (no gloves)
SInv    .            (no boots)
Will    .....        (no amulet) Stlth
                     u - ring of wizardry
HPRegen 1.09/turn    (no ring)
MPRegen 0.12/turn

%: guardian spirit, wizardry (x1)
@: berserking, very quick
A: fangs 2, regeneration 1, magic shield, antimagic bite, no potion heal 2
a: Renounce Religion


You were on level 4 of the Dungeon.
You worshipped Dithmenos.
Dithmenos was noncommittal.
You visited 2 branches of the dungeon, and saw 5 of its levels.

You collected 159 gold pieces.

Inventory:

Hand Weapons
 a - a +2 dagger
 g - a +3 short sword (weapon)
Missiles
 d - 14 poisoned darts (quivered)
 e - 3 curare-tipped darts
Armour
 b - a +0 robe
 c - a +0 cloak (worn)
 f - a +0 leather armour (worn)
Jewellery
 u - a ring of wizardry (left hand)
Wands
 t - a wand of digging (3)
Scrolls
 i - 3 scrolls of teleportation {unknown}
 j - 2 scrolls of fear
 k - a scroll of poison {unknown}
 m - a scroll of immolation {unknown}
 q - a scroll of fog {unknown}
 v - a scroll of revelation {unknown}
 w - a scroll of enchant armour {unknown}
Potions
 h - a potion of enlightenment
 l - a potion of brilliance
 n - 3 potions of haste
 o - a potion of attraction
 p - a potion of resistance
 r - a potion of berserk rage
 s - a potion of magic {unknown}


   Skills:
 + Level 3.0 Fighting
 + Level 3.0 Short Blades
 - Level 1.7 Throwing
 + Level 2.1 Armour
 + Level 2.2 Dodging
 + Level 6.0 Stealth
 + Level 2.2 Spellcasting
 + Level 2.1 Hexes
 - Level 0.8 Invocations
 + Level 1.9 Evocations


You had 10 spell levels left.
You didn't know any spells.
Your spell library contained the following spells:

 Spells                   Type           Power      Damage    Failure   Level
 Necrotise                Necr           4%         1d4       14%         1
 Call Imp                 Summ           2%         N/A       21%         2
 Sublimation of Blood     Necr           1%         N/A       21%         2
 Vampiric Draining        Necr           1%         2d6       38%         3
 Martyr's Knell           Necr/Summ      1%         N/A       77%         4
 Curse of Agony           Necr           1%         N/A       98%         5
 Summon Hydra             Summ           0%         N/A       100%        7


Dungeon Overview and Level Annotations

Branches:
Dungeon (4/15)             Temple (1/1) D:4

Altars:
Ashenzari
Cheibriados
Dithmenos
Fedhas
Hepliaklqana
Kikubaaqudgha
Okawaru
Qazlal
Ru
Sif Muna
Uskayaw
Vehumet
Wu Jian
Xom
Yredelemnul
Zin
The Shining One

Shops:
D:1 (

Annotations:
D:3 1 runed translucent door, fly's ghost, amateur KoDe
D:4 1 runed translucent door, Pascal76's ghost, amateur MiFi


Innate Abilities, Weirdness & Mutations

You have extremely sharp teeth.
Your natural rate of healing is unusually fast.
When hurt, damage is shared between your health and your magic reserves.
Your bite disrupts and absorbs the magic of your enemies.
Potions cannot restore your health.


Message History

Pascal76's ghost is lightly damaged.
You completely miss Pascal76's ghost.
Pascal76's ghost is lightly damaged.
Pascal76's ghost screams, "To die, to sleep, no more."
Pascal76's ghost hits you!
You hit Pascal76's ghost.
You bite Pascal76's ghost, but do no damage.
Pascal76's ghost is lightly damaged.
Pascal76's ghost hits you!
You barely miss Pascal76's ghost. You bite Pascal76's ghost.
You drain its power.
You feel invigorated.
Pascal76's ghost is lightly damaged.
Pascal76's ghost closely misses you.
You hit Pascal76's ghost but do no damage.
You bite Pascal76's ghost. You drain its power.
You feel invigorated.
Pascal76's ghost is moderately damaged.
Pascal76's ghost misses you.
You hit Pascal76's ghost but do no damage.
You bite Pascal76's ghost, but do no damage.
Pascal76's ghost is moderately damaged.
Pascal76's ghost wails, "You must not succeed where I failed!"
Pascal76's ghost closely misses you.
You hit Pascal76's ghost but do no damage.
Pascal76's ghost is moderately damaged.
Pascal76's ghost closely misses you.
You hit Pascal76's ghost but do no damage.
Pascal76's ghost is moderately damaged.
Pascal76's ghost hits you!
You hit Pascal76's ghost.
Pascal76's ghost is moderately damaged.
You hit Pascal76's ghost but do no damage.
Pascal76's ghost is moderately damaged.
Pascal76's ghost hits you!
You hit Pascal76's ghost but do no damage.
Pascal76's ghost is moderately damaged.
Pascal76's ghost hits you!
* * * LOW HITPOINT WARNING * * *
A red film seems to cover your vision as you go berserk!
You feel yourself moving faster!
You feel mighty! Pascal76's ghost hits you!
You die...

#.##.####.# #.# #.##.# #.# #.#
#.##.# #.# #.# #.##.# #.# #.#####
### #.##.####.# #.#...# #..
#####.........# #.#.#.# #.#
.........####.# #.#.#.########.#
#######..####.####.#.#..........#
#........##....W@......##########
#....##.###.#.######.#.##########
####.##.# #.#.###########>.....).
####.##.# #...#~r~~W~~~F#........
........# #...'~~~~$~~SW+..######
####.#### #.#.#~~~~~~~~~#.## #
#.# #.############### # #.# ##.#
##.# ####.#####~.# #..#


You could see Pascal76's ghost.

Vanquished Creatures
  A bullfrog (D:4)
  2 scorpions (D:4)
  2 hounds
  2 orc priests
  Crazy Yiuf (D:2)
  An iguana (D:4)
  Natasha (D:2)
  2 orc wizards (D:3)
  3 gnolls (D:4)
  4 adders
  A dart slug (D:3)
  A ribbon worm (D:3)
  8 orcs (D:3)
  8 ball pythons
  6 endoplasms
  4 giant cockroaches
  5 hobgoblins
  11 kobolds
  7 quokkas
  5 bats
  6 frilled lizards
  5 goblins
  3 rats
89 creatures vanquished.

Notes
Turn   | Place    | Note
-------+----------+-------------------------------------------
     0 | D:1      | Revguard the Vine Stalker Brigand began the quest for the
                  | Orb.
     0 | D:1      | Reached XP level 1. HP: 11/11 MP: 2/2
   155 | D:1      | Reached XP level 2. HP: 15/15 MP: 3/3
   186 | D:1      | Reached skill level 1 in Dodging
   252 | D:1      | Found Yphufew's Antique Weapon Emporium.
   550 | D:1      | Reached skill level 5 in Stealth
   635 | D:2      | Reached XP level 3. HP: 18/18 MP: 4/4
   767 | D:2      | Reached skill level 1 in Armour
   767 | D:2      | Reached XP level 4. HP: 23/23 MP: 3/5
   870 | D:2      | Noticed Natasha
   877 | D:2      | Killed Natasha
  1205 | D:2      | Reached skill level 1 in Spellcasting
  1205 | D:2      | Reached XP level 5. HP: 27/27 MP: 7/7
  1292 | D:2      | Found a runed translucent door.
  1293 | D:2      | Noticed Crazy Yiuf
  1300 | D:2      | Killed Crazy Yiuf
  1301 | D:2      | Reached skill level 1 in Hexes
  1301 | D:2      | Reached skill level 1 in Evocations
  1396 | D:3      | Found a runed translucent door.
  1402 | D:3      | Noticed fly's ghost (amateur KoDe)
  1699 | D:3      | Reached XP level 6. HP: 30/32 MP: 9/9
  1821 | D:3      | Found a broken altar of Ashenzari.
  2083 | D:4      | Found the +12 glaive of Prune {freeze, Prune}
  2357 | D:4      | Found an ornate altar of the Wu Jian Council.
  2395 | D:4      | Found a staircase to the Ecumenical Temple.
  2403 | D:4      | Reached XP level 7. HP: 34/35 MP: 8/11
  2407 | Temple   | Entered the Ecumenical Temple
  2441 | Temple   | Became a worshipper of Dithmenos the Shadowed
  2500 | D:4      | Found a runed translucent door.
  2551 | D:4      | Noticed Pascal76's ghost (amateur MiFi)
  2598 | D:4      | Found a runed translucent door.
  2899 | D:4      | Reached skill level 6 in Stealth
  2911 | D:4      | Slain by Pascal76's ghost

Illustrated notes

Levels and vault maps discovered:
D:1:      dpeg_arrival_solitude, layout_basic, serial_shops,
          nicolae_shop_pleasant_corner_grove, minmay_heptomino_d4
D:2:      layout_loops_cross, nicolae_hexahallways, uniq_natasha,
          uniq_crazy_yiuf_cottage
D:3:      layout_basic, nicolae_overflow_hidden_temple, ebering_ghost_sewer_d,
          kennysheep_big_empty_room
D:4:      layout_loops_ring, nicolae_overflow_crystal_walls,
          minmay_temple_entry_proselytizer, ebering_ghost_sewer_f,
          chequers_serial_rivers_small_a, minmay_misc_feat_four_crosses
Temple:   regret_index_temple_waves

Skill      XL: |  1  2  3  4  5  6  7 |
---------------+----------------------+-----
Dodging        | 1 2 |  2.2
Fighting       | 2 3 |  3.0
Short Blades   | 2 3 |  3.0
Stealth        | 5 6 |  6.0
Armour         | 1 2 |  2.1
Spellcasting   | 1 2 |  2.2
Hexes          | 1 2 |  2.1
Evocations     | 1 |  1.9
Throwing       | |  1.7
Invocations    | |  0.8

Action                     |  1- 3 |  4- 6 |  7- 9 || total
---------------------------+-------+-------+-------++-------
  Melee: Short sword       |    60 |   140 |    38 ||   238
         Dagger            |     4 |       |       ||     4
         Bite              |    12 |    41 |     7 ||    60
    Use: Potion            |       |     1 |     1 ||     2
         Scroll            |       |     6 |       ||     6
   Stab: Sleeping          |    14 |    14 |     3 ||    31
 Armour: Leather armour    |    33 |    72 |    18 ||   123
  Dodge: Dodged            |    28 |    71 |    19 ||   118

Table legend: (Time is in decaauts)
 A = Elapsed time spent in this place.
 B = Non-inter-level travel time spent in this place.
 C = Inter-level travel time spent in this place.
 D = Time resting spent in this place.
 E = Time spent auto-exploring this place.
 F = Levels seen in this place.
 G = Mean time per level.
                   A        B        C        D        E       F      G
               +--------+--------+--------+--------+--------+-----+--------+
         Total |   2864 |   2783 |     81 |      0 |   2015 |   5 |  572.8 |
       Dungeon |   2793 |   2746 |     47 |      0 |   2015 |   4 |  698.2 |
        Temple |     70 |     37 |     33 |      0 |      0 |   1 |   70.0 |
               +--------+--------+--------+--------+--------+-----+--------+

Top non-repeatable levels by time:
     D:2: 765 daAuts
     D:4: 757 daAuts
     D:3: 699 daAuts
     D:1: 571 daAuts
  Temple: 70 daAuts
